 Dungeon Crawl Stone Soup version 0.19-a0-1201-gda63bca (webtiles) character file.

11414 nubinia the Nimble (level 11, -22/86 HPs)
             Began as a Demonspawn Monk on Aug 20, 2016.
             Was a High Priest of Trog.
             Annihilated by a large abomination (32 damage)
             ... on level 10 of the Dungeon.
             The game lasted 00:56:14 (10589 turns).

nubinia the Nimble (Demonspawn Monk)               Turns: 10589, Time: 00:56:15

Health: -22/86     AC: 15    Str: 13    XL:     11   Next: 49%
Magic:  11/11      EV: 15    Int: 12    God:    Trog [*****.]
Gold:   303        SH: 10    Dex: 19    Spells: 0 memorised, 10 levels left

rFire  . . .     SeeInvis .     H - +9 morningstar (drain)
rCold  . . .     Gourm    .     G - +3 ring mail {rPois}
rNeg   . . .     Faith    +     h - +0 shield
rPois  +         Spirit   .     P - +0 helmet of Xuaf {MR+ Str-2 Slay+3}
rElec  .         Dismiss  .     F - +0 cloak
rCorr  .         Reflect  .     x - +0 pair of gloves
MR     +....     Harm     .     (boots unavailable)
Stlth  +++.......               u - amulet of faith
                                (no ring)
                                E - +2 ring of protection

@: exhausted, slowed, very slow
A: hooves 3, thin skeletal structure 2, demonic guardian 1
a: Berserk, Trog's Hand, Brothers in Arms, Burn Spellbooks, Renounce Religion


You were on level 10 of the Dungeon.
You worshipped Trog.
Trog was extremely pleased with you.
You were hungry.

You visited 1 branch of the dungeon, and saw 10 of its levels.
You also visited: Ossuary and Bailey.

You collected 550 gold pieces.
You spent 247 gold pieces at shops.

Inventory:

Hand Weapons
 a - a +1 mace of electrocution
 l - a +3 antimagic eveningstar
 s - a +0 whip of venom
 H - a +9 morningstar of draining (weapon)
Missiles
 v - 28 tomahawks of returning (quivered)
 B - 3 javelins of penetration
Armour
 b - a +0 robe
 e - a +0 leather armour
 f - a +0 helmet
 h - a +0 shield (worn)
 o - a +0 leather armour
 x - a +0 pair of gloves (worn)
 F - a +0 cloak (worn)
 G - a +3 ring mail of poison resistance (worn)
 L - a +0 ring mail
 N - the +1 leather armour of the Furies {MR- Str+7, unknown}
   (You found it on level 8 of the Dungeon)

   It affects your strength (+7).
   It affects your resistance to hostile enchantments.
 P - the +0 helmet of Xuaf (worn) {MR+ Str-2 Slay+3}
   (You bought it in a shop on level 5 of the Dungeon)

   It affects your strength (-2).
   It affects your accuracy and damage with ranged weapons and melee attacks
   (+3).
   It affects your resistance to hostile enchantments.
Jewellery
 p - a cursed amulet of inaccuracy {unknown}
 t - an uncursed ring of fire {unknown}
 u - an amulet of faith (around neck)
 E - a +2 ring of protection (left hand)
Wands
 d - a wand of digging (10/24)
Scrolls
 i - 5 scrolls of recharging
 y - 2 scrolls of enchant armour
 C - 6 scrolls of blinking
 J - a scroll of teleportation {unknown}
 K - a scroll of acquirement {unknown}
 M - 2 scrolls of identify
Potions
 j - 6 potions of curing
 k - 3 potions of brilliance
 m - a potion of heal wounds
 n - 3 potions of agility
 w - a potion of mutation
 z - a potion of ambrosia
 A - 2 potions of beneficial mutation
 D - 3 potions of lignification
 O - 2 potions of flight
Books
 I - a Young Poisoner's Handbook

   Spells                             Type                      Level
   a - Sting                          Conjuration/Poison           1
   b - Mephitic Cloud                 Conjuration/Poison/Air       3
   c - Olgreb's Toxic Radiance        Poison                       4
   d - Alistair's Intoxication        Transmutation/Poison         5
   e - Venom Bolt                     Conjuration/Poison           5
   Trog disapproves of the use of such an item.
Comestibles
 c - 8 bread rations
 g - 3 slices of pizza
 q - 2 fruits
 r - 5 meat rations
 Q - 7 royal jellies
 R - 2 chunks of flesh
 S - a beef jerky


   Skills:
 + Level 7.8 Fighting
 + Level 8.1 Maces & Flails
 + Level 2.4 Throwing
 + Level 5.7 Armour
 + Level 9.1 Dodging
 + Level 5.0 Stealth
 + Level 7.0 Shields


You had 10 spell levels left.
You didn't know any spells.

Dungeon Overview and Level Annotations

Branches:
Dungeon (10/15)            Temple (0/1) D:6
   Lair: D:8-11         Orc: D:9-12

Altars:
Ashenzari
Elyvilon
Kikubaaqudgha
Nemelex Xobeh
Okawaru
Trog
Uskayaw
Zin

Shops:
D:5 *


Innate Abilities, Weirdness & Mutations

You have hooves in place of feet.
You have a moderately thin skeletal structure. (Dex +4, Stealth+)
A weak demonic guardian rushes to your aid.


Message History

Your quasit barely misses the small abomination.
Your quasit claws the small abomination but does no damage.
Your quasit barely misses the small abomination.
Your quasit barely misses the large abomination. x2
Your quasit claws the large abomination but does no damage.
The small abomination hits you but does no damage.
Your quasit barely misses the small abomination.
Your quasit closely misses the small abomination.
Your quasit claws the small abomination but does no damage.
Your quasit bites the large abomination but does no damage.
Your quasit claws the large abomination but does no damage.
Your quasit barely misses the large abomination.
The small abomination barely misses you.
The small abomination hits your white imp!!
Your white imp dies!
Your quasit barely misses the small abomination.
Your quasit misses the small abomination.
Your quasit claws the small abomination but does no damage.
The large abomination hits you!!
You die...

#... #...
##'#######
#........#
#........#
#........#
#...)....#
#######'########.#
..........xX@....#
#......<.5)#####.#
#..........#
#..........#
#..........#
#..........#
#..........#
#..........#
............


You could see a large abomination, a small abomination and a friendly quasit.

Vanquished Creatures
  An orc warlord (Bailey)
  A hydra (D:7)
  A wizard (D:10)
  A hill giant (D:10)
  2 orc knights (Bailey)
  A queen bee (D:8)
  The ghost of Malvoorn the Agent of Entropy, an amateur DsAK of Lugonu (D:5)
  Sigmund (D:2)
  2 hippogriffs
  The ghost of slayr the Changer, an amateur NaTm (D:3)
  3 yaks (D:9)
  A hungry ghost (D:9)
  4 large abominations (D:10)
  2 water moccasins
  2 orc warriors (D:7)
  2 ice beasts (D:5)
  A sky beast (D:7)
  A wasp (D:7)
  5 ogres
  2 centaurs (D:8)
  5 giant frogs
  A wyvern zombie (D:10)
  A gnoll sergeant (D:8)
  4 scorpions
  19 killer bees
  14 wights
  2 howler monkeys
  4 small abominations (D:10)
  3 crimson imps
  A centaur zombie (Ossuary)
  A giant frog zombie (D:8)
  2 hounds
  A human zombie (Ossuary)
  2 jellies
  2 orc priests
  2 giant frog skeletons
  2 iguanas
  9 worker ants
  5 orc wizards
  A killer bee zombie (D:5)
  A big kobold zombie (Ossuary)
  2 hound skeletons
  4 mummies (Ossuary)
  6 gnolls
  2 howler monkey zombies
  6 adders
  A shadow imp (D:5)
  An adder zombie (D:5)
  4 adder skeletons
  3 worms
  A dart slug (D:2)
  4 giant geckos
  28 orcs
  8 giant cockroaches
  2 gnoll zombies (Ossuary)
  18 goblins
  8 hobgoblins
  18 jackals
  3 quokkas
  2 ball pythons
  4 bats
  12 giant newts
  2 goblin zombies (Ossuary)
  22 kobolds
  A kobold zombie (Ossuary)
  2 quokka skeletons
  A quokka zombie (D:5)
  10 rats
292 creatures vanquished.

Vanquished Creatures (collateral kills)
  2 small abominations (D:10)
  A centaur (D:7)
  A giant frog (D:6)
  A killer bee (D:8)
  2 orc wizards
  A hound (D:8)
  A giant frog skeleton (D:7)
  2 adders (D:7)
  4 orcs
  3 jackals
  A goblin (D:7)
19 creatures vanquished.

Grand Total: 311 creatures vanquished

Notes
Turn   | Place    | Note
-------+----------+-------------------------------------------
     0 | D:1      | nubinia the Demonspawn Monk began the quest for the Orb.
     0 | D:1      | Reached XP level 1. HP: 18/18 MP: 1/1
   365 | D:1      | Gained mutation: You have large cloven feet. [demonic ancestry]
   365 | D:1      | Reached XP level 2. HP: 19/24 MP: 2/2
   835 | D:1      | Reached skill level 3 in Dodging
   990 | D:1      | Reached XP level 3. HP: 24/29 MP: 3/3
  1295 | D:2      | Reached skill level 1 in Armour
  1801 | D:2      | Found an ancient bone altar of Kikubaaqudgha.
  1808 | D:2      | Found a hide-covered altar of Uskayaw.
  1811 | D:2      | Found a glowing silver altar of Zin.
  1818 | D:2      | Reached XP level 4. HP: 35/36 MP: 4/4
  1828 | D:2      | Noticed Sigmund
  2618 | D:2      | Found a bloodstained altar of Trog.
  2622 | D:2      | Became a worshipper of Trog the Wrathful
  2622 | D:2      | Reached * piety under Trog
  2622 | D:2      | Reached ** piety under Trog
  2949 | D:3      | Noticed slayr's ghost (amateur NaTm)
  2986 | D:3      | Found a sparkling altar of Nemelex Xobeh.
  3335 | D:3      | Killed slayr's ghost
  3335 | D:3      | Reached skill level 1 in Shields
  3335 | D:3      | Gained mutation: A weak demonic guardian rushes to your aid. [demonic ancestry]
  3335 | D:3      | Reached XP level 5. HP: 42/42 MP: 5/5
  3471 | D:3      | Reached skill level 4 in Dodging
  3775 | D:4      | Found a sand-covered staircase.
  3783 | Ossuary  | Entered an ossuary
  3883 | Ossuary  | Gained mutation: You have a somewhat thin skeletal structure. (Dex +2, Stealth) [demonic ancestry]
  3883 | Ossuary  | Reached XP level 6. HP: 48/48 MP: 6/6
  5088 | D:4      | Reached *** piety under Trog
  5088 | D:4      | Gained mutation: You have a moderately thin skeletal structure. (Dex +4, Stealth+) [demonic ancestry]
  5088 | D:4      | Reached XP level 7. HP: 43/55 MP: 7/7
  5433 | D:5      | Entered Level 5 of the Dungeon
  5438 | D:5      | Noticed Malvoorn's ghost (amateur DsAK)
  5464 | D:5      | Killed Malvoorn's ghost
  5464 | D:5      | Reached skill level 5 in Dodging
  5470 | D:5      | Reached skill level 5 in Fighting
  5545 | D:5      | Found Afodugo's Assorted Antiques.
  5555 | D:5      | Gained mutation: You have hoof-like feet. [demonic ancestry]
  5555 | D:5      | Reached XP level 8. HP: 62/62 MP: 8/8
  5567 | D:5      | Received a gift from Trog
  5836 | D:5      | Found a white marble altar of Elyvilon.
  6257 | D:6      | Reached skill level 5 in Maces & Flails
  6291 | D:6      | Found a staircase to the Ecumenical Temple.
  6487 | D:6      | Reached **** piety under Trog
  6528 | D:6      | Reached skill level 6 in Dodging
  7135 | D:2      | Received a gift from Trog
  7233 | D:2      | Killed Sigmund
  7233 | D:2      | Gained mutation: You have hooves in place of feet. [demonic ancestry]
  7233 | D:2      | Reached XP level 9. HP: 69/69 MP: 9/9
  7245 | D:2      | Found an ancient bone altar of Kikubaaqudgha.
  7460 | D:7      | Found a flagged portal.
  7472 | Bailey   | Entered a bailey
  7564 | Bailey   | Noticed an orc warlord
  7634 | Bailey   | Noticed an orc knight
  7646 | Bailey   | Killed an orc knight
  7729 | Bailey   | Found a runed gate.
  7731 | Bailey   | Found a runed gate.
  7833 | Bailey   | Found a runed gate.
  7838 | Bailey   | Noticed an orc knight
  7847 | Bailey   | Killed an orc knight
  7847 | Bailey   | Reached skill level 7 in Dodging
  8044 | Bailey   | Killed an orc warlord
  8044 | Bailey   | Reached skill level 1 in Throwing
  8044 | Bailey   | Reached skill level 5 in Shields
  8044 | Bailey   | Reached XP level 10. HP: 51/77 MP: 10/10
  8456 | D:7      | Reached ***** piety under Trog
  8468 | D:7      | Received a gift from Trog
  8553 | D:7      | Noticed a seven-headed hydra
  8593 | D:7      | Killed a seven-headed hydra
  8640 | D:7      | Reached skill level 8 in Dodging
  9076 | D:5      | Bought a shimmering helmet for 247 gold pieces
  9086 | D:5      | Identified the cursed +0 helmet of Xuaf {MR+ Str-2 Slay+3} (You bought it in a shop on level 5 of the Dungeon)
  9166 | D:8      | Reached skill level 5 in Armour
  9382 | D:8      | Found an iron altar of Okawaru.
  9568 | D:8      | Found a white marble altar of Elyvilon.
  9728 | D:8      | Received a gift from Trog
  9822 | D:8      | Got a tiger eye-encrusted leather armour
  9900 | D:9      | Reached XP level 11. HP: 84/84 MP: 11/11
  9994 | D:9      | Found a shattered altar of Ashenzari.
 10479 | D:10     | Entered Level 10 of the Dungeon
 10479 | D:10     | Noticed a hill giant
 10488 | D:10     | Killed a hill giant
 10535 | D:10     | Noticed a wizard
 10540 | D:10     | Killed a wizard
 10548 | D:10     | Noticed a large abomination
 10560 | D:10     | Reached skill level 9 in Dodging
 10567 | D:10     | Killed a large abomination
 10571 | D:10     | Reached skill level 5 in Stealth
 10573 | D:10     | Noticed a large abomination
 10589 | D:10     | Annihilated by a large abomination

Vault maps used:
D:1:      dpeg_arrival_simpleton_c
D:2:      marbit_many_paths, grunt_temple_overflow_open, minmay_unequal,
          uniq_sigmund
D:3:      nemelex_xobeh_ov_fountains_minmay
D:4:      enter_ossuary_2
D:5:      nicolae_overflow_hidden_temple, first_bread, serial_shops,
          nicolae_shop_waterfront, corexii_shack
D:7:      enter_bailey_3
D:8:      basic_altar, david_nohive_1, elyvilon_altar_1
D:9:      ashenzari_conservatory_becter, minmay_stone_trees_small
D:10:     enter_trove_6, serial_shops, nicolae_shop_stone, laboratory
Ossuary:  ossuary_crypta
Bailey:   bailey_axe_bossmonster_kennysheep, bailey

Skill      XL: |  1  2  3  4  5  6  7  8  9 10 11 |
---------------+----------------------------------+-----
Dodging        | 3 4 5 6 7 8 9 |  9.1
Armour         | 1 2 3 4 5 |  5.7
Maces & Flails | 3 4 5 6 7 8 |  8.1
Stealth        | 2 3 4 5 |  5.0
Fighting       | 4 5 6 7 |  7.8
Shields        | 1 2 3 5 6 7 |  7.0
Throwing       | 1 2 |  2.4

Action                   |  1- 3 |  4- 6 |  7- 9 | 10-12 || total
-------------------------+-------+-------+-------+-------++-------
Melee: Mace              |   169 |   271 |   271 |     3 ||   714
       Kick              |    26 |       |    23 |    88 ||   137
       Whip              |       |     3 |    33 |       ||    36
       Morningstar       |       |       |       |   290 ||   290
Throw: Tomahawk          |       |       |    13 |    12 ||    25
Invok: Berserk           |       |     3 |     8 |     6 ||    17
       Burn Spellbooks   |       |       |       |     1 ||     1
  Use: Scroll            |     1 |    10 |     7 |     6 ||    24
       Potion            |     1 |     2 |     4 |     2 ||     9
 Stab: Sleeping          |     1 |     6 |     6 |     3 ||    16
       Distracted        |       |       |     1 |     8 ||     9
  Eat: Chunk             |     3 |    13 |    17 |    16 ||    49
       Beef jerky        |       |     1 |       |       ||     1
Armor: Leather armour    |    32 |    65 |     5 |     8 ||   110
       Ring mail         |       |       |    94 |    81 ||   175
       Skin              |       |       |       |     1 ||     1
Dodge: Dodged            |   136 |   149 |   142 |   193 ||   620
Block: Shield            |       |    75 |   154 |   177 ||   406
